[Event "*** SCC Grand Prix: Titled Tuesday Blitz"]
[Site "Chess.com"]
[Date "2020.07.07"]
[Round "9"]
[White "Zmof"]
[Black "Larina_Marija"]
[Result "0-1"]
[WhiteElo "2183"]
[BlackElo "2114"]
[TimeControl "180+1"]
[EndTime "11:47:16 PDT"]
[Termination "Larina_Marija won by resignation"]

1. e4 d5 2. exd5 Qxd5 3. Nc3 Qa5 4. d4 Nf6 5. Bd2 a6 6. Bd3 Bg4 7. f3 Bh5 8. Nge2 Bg6 9. Bc4 b5 10. Bb3 Qb6 11. Be3 e6 12. O-O c5 13. dxc5 Bxc5 14.
Bxc5 Qxc5+ 15. Qd4 Qxd4+ 16. Nxd4 Nbd7 17. Rad1 Nc5 18. Nc6 Nxb3 19. cxb3 O-O 20. a4 b4 21. Nxb4 a5 22.
Nd3 Rfd8 23. Nc5 Rdc8 24. N5e4 Rab8 25. Nd6 Rc6 26. Ndb5 Bc2 27. Rd2 Bxb3 28. Nd4 Rcc8 29. Nxb3 Rxb3 30. Nb5 Nd5 31. Re1 h6 32. Re4 Rc1+ 33.
Kf2 Ra1 34. Rc4 Rb4 35. Rc8+ Kh7 36. Nd6 Kg6 37. Rg8 Raxa4 38. Ne8 h5 39. Rxg7+ Kh6 40. Rxf7 Ra2 41. Nf6 Raxb2 42. Rxb2 Rxb2+ 43. Kg3 Kg6 44. Rf8 Nxf6 45. Ra8 Rb5 46. Ra6 e5 47. Kh4 Rd5 48.
h3 Rd4+ 49. Kg3 h4+ 50. Kf2 Rd2+ 51. Ke3 Ra2 52. Re6 Kf5 53. Ra6 a4 54. Rxa4 Rxa4 0-1

[Event "*** SCC Grand Prix: Titled Tuesday Blitz"]
[Site "Chess.com"]
[Date "2020.07.07"]
[Round "9"]
[White "Gusarov91"]
[Black "tigra"]
[Result "0-1"]
[WhiteElo "2642"]
[BlackElo "2803"]
[TimeControl "180+1"]
[EndTime "11:47:17 PDT"]
[Termination "tigra won by resignation"]

1. d4 Nf6 2. Nf3 e6 3. c4 c5 4. d5 exd5 5. cxd5 d6 6. Nc3 g6 7.
Bf4 a6 8. a4 Bg7 9. h3 O-O 10.
e3 Re8 11. Bc4 Nbd7 12. O-O Nh5 13. Bh2 Ne5 14. Be2 Nxf3+ 15. Bxf3 Nf6 16. Qb3 b6 17. Rac1 Ra7 18. Rfd1 Rae7 19. Nb1 Ne4 20. Na3 Ng5 21. Bg4 f5 22. Be2 Nf7 23. Nc4 Rb7 24. Bf3 b5 25. axb5 axb5 26. Nxd6 Nxd6 27. Rxc5 Be5 28.
Rc6 Bxh2+ 29. Kxh2 Bd7 30. Kg1 Qe7 31. Ra6 Rd8 32.
Qb4 Be8 33. Rda1 Rc7 34. Ra8 Rxa8 35. Rxa8 Rc4 36. Rxe8+ Qxe8 37. Qxd6 Rc1+ 38. Kh2 Qc8 39. g3 Rc2 40. Kg2 Rxb2 41. g4 f4 42. exf4 Rd2 43.
Qe5 Qc5 44. Qe6+ Kf8 45. Qf6+ Ke8 46. Qh8+ Kd7 47. Qxh7+ Kd8 48. Qh8+ Kc7 49. Qe5+ Kb6 50. Qe1 Qd4 51. d6 Qxd6 52. Qe4 Qd4 53. Qxg6+ Ka5 0-1

[Event "*** SCC Grand Prix: Titled Tuesday Blitz"]
[Site "Chess.com"]
[Date "2020.07.07"]
[Round "9"]
[White "ahachess"]
[Black "JSMastropiero"]
[Result "1-0"]
[WhiteElo "2291"]
[BlackElo "2413"]
[TimeControl "180+1"]
[EndTime "11:47:17 PDT"]
[Termination "ahachess won by resignation"]

1. d4 Nf6 2. c4 e6 3. Nc3 Bb4 4. Qc2 O-O 5. a3 Bxc3+ 6. Qxc3 b6 7. Bg5 h6 8. Bh4 Bb7 9. e3 d6 10. Ne2 Nbd7 11. Qc2 c5 12. Rd1 Qe7 13. Nc3 cxd4 14.
Rxd4 a6 15. f3 Rac8 16. Be2 Rfd8 17. O-O Ne5 18. Qb3 Ned7 19. Rfd1 g5 20. Bg3 Ne8 21. Bxd6 Nxd6 22. Rxd6 b5 23. cxb5 Nc5 24. Rxd8+ Rxd8 25. Rxd8+ Qxd8 26. Qd1 Qb6 27. Qd4 axb5 28. Bxb5 Qc7 29.
a4 Nb3 30. Qd3 Qc5 31. Kf2 Nc1 32. Qc4 Qf5 33. e4 Qf4 34. Nb1 g4 35. Qc3 Bxe4 36. Nd2 Bd5 37. Qc8+ Kg7 38. Qc3+ Kg8 39. Qxc1 Qxh2 40. Qc8+ Kg7 41. Qc3+ Kg8 42. Nf1 Qh4+ 43. g3 Qh1 44. fxg4 Qg2+ 45. Ke1 Bf3 46. Qe3 Bxg4 47. Qxh6 f5 48. Qg6+ Kf8 49. Qf6+ Kg8 50. Qxe6+ Kg7 51.
Qd7+ Kf6 52. Qc6+ Qxc6 53. Bxc6 Ke5 54. a5 Kd6 55. Bg2 Kc5 56. a6 Kb6 57. Bb7 Bh3 58.
Ne3 f4 59. gxf4 Bd7 60. Kf2 1-0

[Event "*** SCC Grand Prix: Titled Tuesday Blitz"]
[Site "Chess.com"]
[Date "2020.07.07"]
[Round "9"]
[White "Klavdia_Nik"]
[Black "crossingthestreet"]
[Result "0-1"]
[WhiteElo "2053"]
[BlackElo "2417"]
[TimeControl "180+1"]
[EndTime "11:47:17 PDT"]
[Termination "crossingthestreet won on time"]

1. Nf3 d5 2. c4 e6 3. b3 Nf6 4. Bb2 Be7 5. g3 O-O 6. Bg2 c5 7. O-O Nc6 8. d3 d4 9. Nbd2 e5 10. b4 cxb4 11. a3 a5 12. axb4 Bxb4 13. Ba3 Nd7 14.
Bxb4 Nxb4 15. Ne4 Ra6 16. Qa4 f5 17. Ned2 Nc5 18. Qa3 Qc7 19. Rfc1 Be6 20. Ng5 Bd7 21.
Nb3 Nxb3 22. Qxb3 h6 23. Nf3 Bc6 24. Ra3 Raa8 25. Rca1 b6 26. Rb1 Kh7 27. Ne1 Rad8 28. Nc2 Bxg2 29. Kxg2 Qc6+ 30. f3 Nxc2 31. Qxc2 e4 32. Rb5 exf3+ 33. exf3 Rde8 34. Rd5 Re3 35. Qf2 Rfe8 36. Ra2 R8e5 37. Rxd4 a4 38. Rd5 a3 39. Rxe5 Rxe5 40. Rxa3 f4 41. g4 h5 42. h3 b5 43.
cxb5 Rxb5 44. Ra2 Qd5 45. d4 Rb3 46. Qc2+ Kh6 47. Ra6+ Kg5 0-1

[Event "*** SCC Grand Prix: Titled Tuesday Blitz"]
[Site "Chess.com"]
[Date "2020.07.07"]
[Round "9"]
[White "Hippotaner"]
[Black "GEKKESPONS"]
[Result "0-1"]
[WhiteElo "2303"]
[BlackElo "2524"]
[TimeControl "180+1"]
[EndTime "11:47:19 PDT"]
[Termination "GEKKESPONS won by checkmate"]

1. e4 e6 2. d3 d5 3. Nd2 Nf6 4. Ngf3 c5 5. g3 b6 6. Bg2 dxe4 7. dxe4 Ba6 8. Bf1 Bb7 9. Bg2 Ba6 10. c4 Bb7 11. Qe2 Nc6 12. O-O e5 13. b3 Bd6 14.
Bb2 Nd7 15. Rfd1 Nf8 16. Nf1 Qb8 17. Ne3 Ne6 18. Nf5 Bf8 19. Rd5 g6 20. Ne3 Ncd4 21. Bxd4 cxd4 22. Ng4 Bg7 23. Nfxe5 d3 24. Qf3 O-O 25.
Nf6+ Kh8 26. Nfd7 Qc7 27. Nxf7+ Rxf7 28. Qxf7 Bxd5 29. exd5 Nc5 30. d6 Qxd7 31. Qxd7 Nxd7 32. Rd1 Re8 33. Rxd3 Re1+ 34. Bf1 Bf6 35. Kg2 Kg7 36.
b4 Re6 37. f4 Bb2 38. Kf3 Bf6 39. Bh3 Nf8 40. Bxe6 Nxe6 41. d7 Kf7 42. c5 bxc5 43. bxc5 Bd8 44. c6 Ke7 45. g4 Bc7 46. f5 gxf5 47. gxf5 Nd8 48. Rc3 Kd6 49. Kg4 Nxc6 50. Rd3+ Ke7 51. Kg5 Bd8 52. f6+ Ke6 53. Rf3 Ne5 54. Rf1 Nxd7 55. Kh6 Nxf6 56. Re1+ Kf7 57. Rb1 Bb6 58. h3 Be3# 0-1

[Event "*** SCC Grand Prix: Titled Tuesday Blitz"]
[Site "Chess.com"]
[Date "2020.07.07"]
[Round "9"]
[White "DonBroca"]
[Black "tteshan"]
[Result "1-0"]
[WhiteElo "2133"]
[BlackElo "2253"]
[TimeControl "180+1"]
[EndTime "11:47:20 PDT"]
[Termination "DonBroca won by resignation"]

1. c4 c6 2. d4 f5 3. Nc3 Nf6 4. e3 g6 5. Nf3 Bg7 6. b3 O-O 7. Bb2 d6 8. Be2 Qe8 9. O-O e5 10. dxe5 dxe5 11. Re1 a5 12. Na4 Nbd7 13. Qc2 h6 14. Rad1 Qe6 15. c5 g5 16. Bc4 Nd5 17. e4 fxe4 18. Qxe4 Rf4 19. Qc2 g4 20. Nd4 Qf6 21. Bxd5+ cxd5 22. Nb5 d4 23. Nc7 Rb8 24. Nd5 Qf7 25. Nxf4 Qxf4 26. Qe4 Qxe4 27. Rxe4 h5 28. Ba3 Kf7 29. Nb6 Nxb6 30. cxb6 Bf5 31. Ree1 Rc8 32. Bd6 e4 33. Bc7 d3 34. Re3 Bh6 35. Ree1 Re8 36. f3 gxf3 37. gxf3 Kf6 38. fxe4 Bxe4 39. Rf1+ Ke6 40.
Rfe1 Rg8+ 41. Kf2 Kd5 42. Bg3 Rf8+ 43. Kg1 Bg5 44. Rf1 h4 45. Rxf8 hxg3 46. hxg3 Be3+ 47. Kf1 Bf3 48. Rxd3+ Ke4 49. Rxe3+ Kxe3 50. Rxf3+ Kxf3 51. g4 Kxg4 52. Ke2 Kf5 53. Kd3 Ke5 54. Kc4 Kd6 55. Kb5 Kd5 56. Kxa5 Kc6 57. a4 1-0

[Event "*** SCC Grand Prix: Titled Tuesday Blitz"]
[Site "Chess.com"]
[Date "2020.07.07"]
[Round "9"]
[White "Guenplen"]
[Black "alexrustemov"]
[Result "1-0"]
[WhiteElo "2903"]
[BlackElo "2732"]
[TimeControl "180+1"]
[EndTime "11:47:21 PDT"]
[Termination "Guenplen won on time"]

1. d4 d5 2. Bf4 Nf6 3. e3 e6 4. Nd2 c5 5. c3 Bd6 6. Bg3 Qc7 7. dxc5 Qxc5 8. Ngf3 O-O 9. Bd3 Nbd7 10. e4 Bxg3 11.
hxg3 dxe4 12. Bxe4 Rd8 13. Qe2 Nf8 14. O-O Bd7 15.
Rfd1 Ba4 16. b3 Bc6 17. Bxc6 Qxc6 18. c4 Qc5 19. Ne4 Nxe4 20. Qxe4 Qc7 21. g4 h6 22. g5 hxg5 23. Nxg5 b6 24. g3 Rxd1+ 25. Rxd1 Rd8 26. Rxd8 Qxd8 27. Nf3 Ng6 28. Kg2 a5 29. Qb7 Qd6 30. Ng5 Ne5 31. Qa8+ Qf8 32. Qe4 Ng6 33.
Nxe6 fxe6 34. Qxg6 Qd6 35. Qe8+ Kh7 36. Qh5+ Kg8 37.
Qe8+ Kh7 38. Qb5 Kg6 39. a3 Qd4 40. Qc6 Kf6 41. b4 axb4 42. axb4 g5 43. c5 bxc5 44.
bxc5 g4 45. Qd6 Qe4+ 46. Kh2 Qf3 47. Qf4+ 1-0

[Event "*** SCC Grand Prix: Titled Tuesday Blitz"]
[Site "Chess.com"]
[Date "2020.07.07"]
[Round "9"]
[White "GadimbayliA"]
[Black "giantslayer83"]
[Result "1/2-1/2"]
[WhiteElo "2891"]
[BlackElo "2736"]
[TimeControl "180+1"]
[EndTime "11:47:21 PDT"]
[Termination "Game drawn by repetition"]

1. e4 c6 2. Nf3 d5 3. exd5 cxd5 4. d4 Nc6 5. Ne5 Nf6 6. c3 Bf5 7. Bb5 Qb6 8. Qe2 e6 9. Nd2 Bd6 10. g4 Bg6 11. h4 Bxe5 12. dxe5 Nd7 13. h5 Bc2 14. h6 gxh6 15. Nf1 Be4 16. Be3 Qc7 17. f3 Bg6 18. f4 a6 19. Bxc6 Qxc6 20. Rxh6 Be4 21.
Ng3 O-O-O 22. O-O-O Qa4 23. a3 Kb8 24. Rd4 Qc6 25.
Nxe4 dxe4 26. Rh1 Nc5 27. Rxd8+ Rxd8 28. Bxc5 Qxc5 29. Rd1 Rxd1+ 30. Kxd1 Qd5+ 31. Kc2 h6 32. Qd2 Kc7 33. Qxd5 exd5 34. Kd2 b5 35. Ke3 a5 36. Kd4 a4 37. Ke3 Kd7 38. f5 Ke7 39. Kf4 Kf8 40. Kg3 Kg7 41. Kf4 Kh7 42. Kg3 Kg8 43. Kf4 Kf8 44. Ke3 Ke7 45. Kd4 Kd7 46. Ke3 Kc7 47.
Kf4 Kc6 48. Ke3 Kc5 49. Kf4 Kc6 50. Ke3 Kd7 51. Kd4 Ke7 52. Ke3 Ke8 53. Kf4 Kf8 1/2-1/2

[Event "*** SCC Grand Prix: Titled Tuesday Blitz"]
[Site "Chess.com"]
[Date "2020.07.07"]
[Round "9"]
[White "mjray79"]
[Black "grunbergmihai"]
[Result "1/2-1/2"]
[WhiteElo "2333"]
[BlackElo "2444"]
[TimeControl "180+1"]
[EndTime "11:47:21 PDT"]
[Termination "Game drawn - insufficient material"]

1. d4 Nf6 2. c4 g6 3. Nc3 d5 4. cxd5 Nxd5 5. e4 Nxc3 6. bxc3 Bg7 7. Bc4 c5 8. Be3 O-O 9. Ne2 cxd4 10. cxd4 Qa5+ 11.
Qd2 Qxd2+ 12. Kxd2 Nc6 13. Rhd1 Rd8 14. Ke1 b6 15.
Bd5 Bb7 16. Rac1 Rac8 17. a4 e6 18. Bc4 Na5 19. Bd3 Nb3 20. Rxc8 Rxc8 21. Rb1 Na5 22. Kd2 f5 23. f3 fxe4 24. fxe4 Nc4+ 25. Bxc4 Rxc4 26. a5 Bxe4 27. Rb2 Bxg2 28. axb6 axb6 29. Rxb6 Kf7 30. Nf4 Bd5 31. Kd3 Ra4 32. Nxd5 exd5 33.
Rb7+ Kg8 34. h4 Bf6 35. h5 gxh5 36. Rb5 Ra3+ 37. Ke2 Kf7 38. Rxd5 Kg6 39. Rb5 h4 40. Rb1 Kf5 41. Rf1+ Ke6 42. d5+ Ke5 43. d6 Ra2+ 44. Kd3 Ra3+ 45. Ke2 Ra2+ 46. Kd3 Bd8 47. Bf4+ Ke6 48.
Ke3 h3 49. Kf3 Bb6 50. Rh1 Bc5 51. Rxh3 Ra3+ 52. Kg4 Rxh3 53. Kxh3 Bxd6 54. Bxd6 Kxd6 55. Kh2 h5 56. Kh1 h4 57. Kg1 h3 58. Kh1 h2 59.
Kxh2 1/2-1/2

[Event "*** SCC Grand Prix: Titled Tuesday Blitz"]
[Site "Chess.com"]
[Date "2020.07.07"]
[Round "9"]
[White "ljuks68"]
[Black "snap_man"]
[Result "0-1"]
[WhiteElo "2428"]
[BlackElo "2320"]
[TimeControl "180+1"]
[EndTime "11:47:21 PDT"]
[Termination "snap_man won on time"]

1. e4 c6 2. d4 d5 3. e5 Bf5 4.
Nd2 e6 5. Nb3 Ne7 6. Nf3 Nc8 7.
a4 Nd7 8. a5 a6 9. c4 dxc4 10.
Bxc4 Be7 11. O-O Na7 12. Be3 Nb5 13. Qd2 O-O 14. Bg5 Bxg5 15. Nxg5 c5 16. Nf3 Nxd4 17.
Nbxd4 cxd4 18. Qxd4 Nb8 19. Rfd1 Nc6 20. Qf4 Qc7 21.
Rac1 Qxa5 22. Rd7 Qb4 23. Nd4 Nxd4 24. Qxd4 Rac8 25. Qc3 Qb6 26. Rcd1 h6 27. Qd4 Qb4 28. b3 b5 29. Be2 Qxb3 30. h3 a5 31. g4 Bg6 32. Kg2 a4 33. Rb7 Rb8 34. Rxb8 Rxb8 35. h4 Qc2 36. Bf3 b4 37. h5 b3 38. hxg6 Qxg6 39.
Qd6 Rf8 40. Qb6 Qc2 41. Rd7 a3 42. Rd8 Rxd8 0-1

[Event "*** SCC Grand Prix: Titled Tuesday Blitz"]
[Site "Chess.com"]
[Date "2020.07.07"]
[Round "9"]
[White "swisspower96"]
[Black "Semetey"]
[Result "1-0"]
[WhiteElo "2623"]
[BlackElo "2478"]
[TimeControl "180+1"]
[EndTime "11:47:23 PDT"]
[Termination "swisspower96 won by resignation"]

1. d4 Nf6 2. c4 e6 3. Nf3 Bb4+ 4. Nbd2 O-O 5. a3 Be7 6. e4 d6 7. Qc2 c5 8. d5 e5 9. Be2 h6 10. b4 b6 11. O-O Nh7 12. Ne1 Bg5 13. Bb2 f5 14. exf5 Bxf5 15. Ne4 Nd7 16. Bd3 Qe7 17.
Rd1 Rac8 18. b5 Rcd8 19. Nxc5 Bxd3 20. Ncxd3 Rc8 21. Nb4 Nc5 22. Ned3 Qf7 23. Nxc5 Rxc5 24. Rd3 Qf4 25. Rc3 Bf6 26. Nd3 Qg4 27. Nxc5 bxc5 28. Rg3 Qd7 29. Bc1 Kh8 30. a4 Ng5 31. Qg6 Bd8 32.
Bd2 Rf6 33. Qc2 Rf5 34. f4 Nf7 35. Qe4 Bf6 36. Rgf3 exf4 37. Rxf4 Rxf4 38. Bxf4 Qd8 39. g3 Be5 40. Kg2 Bf6 41. Qe6 Ne5 42. Bxe5 Bxe5 43. Rf7 Qg5 44. Qf5 Qxf5 45. Rxf5 Bc3 46. Rf7 Kh7 47.
Rxa7 Kg6 48. b6 Kf6 49. b7 Ke5 50. b8=Q Kd4 51. Qxd6 Kxc4 52. Rc7 Kd4 53. Qxc5+ Kd3 54.
Qxc3+ Ke2 55. Qc2+ Ke1 56. Qf2+ Kd1 57. d6 1-0

[Event "*** SCC Grand Prix: Titled Tuesday Blitz"]
[Site "Chess.com"]
[Date "2020.07.07"]
[Round "9"]
[White "bgfbfbgfbgfgf"]
[Black "dretch"]
[Result "1-0"]
[WhiteElo "2667"]
[BlackElo "2789"]
[TimeControl "180+1"]
[EndTime "11:47:24 PDT"]
[Termination "bgfbfbgfbgfgf won by checkmate"]

1. e4 e6 2. d4 d5 3. Nc3 Nf6 4. e5 Nfd7 5. f4 c5 6. Nf3 Nc6 7. Be3 cxd4 8. Nxd4 Bc5 9. Qd2 O-O 10. O-O-O a6 11. Kb1 Qc7 12. g4 Nxd4 13. Bxd4 b5 14. Ne2 f6 15. Bxc5 Nxc5 16. exf6 Rxf6 17. Qe3 Bd7 18.
Bg2 Rc8 19. Rhf1 Kh8 20. h4 b4 21. h5 e5 22. g5 Na4 23. Rd2 Re6 24. f5 Rc6 25. Rc1 Bxf5 26. Qb3 Nc5 27. Qxd5 Rb6 28. h6 gxh6 29. gxh6 b3 30. axb3 Nxb3 31. Rcd1 Bxc2+ 32. Rxc2 Qxc2+ 33. Ka2 Qc7 34. Nc3 Nd4 35. Rxd4 exd4 36.
Qxd4+ Kg8 37. Bd5+ Kf8 38. Qh8+ Ke7 39. Qxh7+ Kd6 40.
Qd3 Ke5 41. Qe4+ Kf6 42. Qd4+ Kg5 43. Qe3+ Kg6 44. Be4+ Kf7 45. h7 Qc4+ 46. Ka1 Rf6 47. Qa7+ Ke6 48. Bd5+ Qxd5 49. Nxd5 Kxd5 50. Qd7+ Kc4 51.
Qxc8+ Kb3 52. Qc3+ Ka4 53. Qxf6 a5 54. h8=Q Kb3 55.
Qc3+ Ka4 56. Qe8# 1-0

[Event "*** SCC Grand Prix: Titled Tuesday Blitz"]
[Site "Chess.com"]
[Date "2020.07.07"]
[Round "9"]
[White "Gabrielian_Artur"]
[Black "olksuna"]
[Result "1-0"]
[WhiteElo "2781"]
[BlackElo "2629"]
[TimeControl "180+1"]
[EndTime "11:47:24 PDT"]
[Termination "Gabrielian_Artur won by resignation"]

1. e4 c5 2. Nc3 Nc6 3. Bb5 Nd4 4. Bc4 e6 5. Nf3 Nf6 6. O-O a6 7. Bb3 Nxb3 8. axb3 d5 9. exd5 Nxd5 10. Re1 Be7 11.
d3 O-O 12. Bd2 b5 13. Nxb5 Bb7 14. Na3 Bf6 15. Nc4 Qc7 16. Qe2 Nb4 17. Rac1 a5 18. h3 a4 19. bxa4 Rxa4 20. c3 Nd5 21. Ra1 Rfa8 22. Rxa4 Rxa4 23. Nfe5 Ra2 24. Qg4 Ba6 25. Bc1 Ra1 26. Qe2 h6 27. Ng4 Be7 28. Nge5 Bf6 29.
Ng4 Be7 30. Nce5 Bf8 31. c4 Nb4 32. Bf4 Rxe1+ 33. Qxe1 Bb7 34. Qe3 Qd8 35. Qg3 Kh7 36. Nxf7 Qxd3 37. Be3 Qf5 38. Nd6 Bxd6 39. Qxd6 Nc2 40.
Qe7 Nxe3 41. Nxe3 Qe4 42. Qxc5 e5 43. Qe7 Bc6 44. Qd6 Bb7 45. b4 Ba8 46. b5 Qb1+ 47. Kh2 Qb2 48. Qf8 e4 49. Qf5+ Kh8 50. Qc8+ Kh7 51.
Qxa8 Qxf2 52. Qxe4+ Kg8 53. Nd5 Qh4 54. Qxh4 1-0

[Event "*** SCC Grand Prix: Titled Tuesday Blitz"]
[Site "Chess.com"]
[Date "2020.07.07"]
[Round "9"]
[White "PaulfromSPb"]
[Black "chito89"]
[Result "1-0"]
[WhiteElo "2649"]
[BlackElo "2810"]
[TimeControl "180+1"]
[EndTime "11:47:25 PDT"]
[Termination "PaulfromSPb won by resignation"]

1. e4 Nc6 2. Nf3 d6 3. Nc3 Nf6 4. d4 g6 5. d5 Nb8 6. Bg5 Bg7 7. Qd2 c6 8. dxc6 Nxc6 9. Bh6 Bxh6 10. Qxh6 Qb6 11.
Qd2 Bg4 12. Be2 Bxf3 13. Bxf3 Ne5 14. Be2 Rc8 15. O-O-O O-O 16. f4 Nc4 17. Bxc4 Rxc4 18. e5 dxe5 19. fxe5 Ne4 20. Nxe4 Rxe4 21. Rhe1 Rc4 22.
e6 f6 23. Re2 Rfc8 24. Qd3 Kg7 25. Kb1 R4c6 26. Qe4 Rd6 27. Rxd6 Qxd6 28. a3 Rc6 29. Ka2 f5 30. Qe3 Qd5+ 31. b3 a6 32. h4 h6 33.
h5 g5 34. g3 Kf6 35. a4 Rxe6 36. Qc3+ Kf7 37. Rf2 Qe5 38. Qc8 b5 39. axb5 axb5 40. Rd2 Qe4 41. Qh8 Ra6+ 42. Kb2 Re6 43. Qh7+ Kf6 44.
Qxh6+ Kf7 45. Qh7+ Kf6 46. Qg6+ Ke5 47. Qg7+ Rf6 48. Qxe7+ Re6 49. Qg7+ Rf6 50. Qc7+ Ke6 51. Rd6+ Ke5 52. Qc5+ 1-0

[Event "*** SCC Grand Prix: Titled Tuesday Blitz"]
[Site "Chess.com"]
[Date "2020.07.07"]
[Round "9"]
[White "googlegoom"]
[Black "KaterynaLagno"]
[Result "1/2-1/2"]
[WhiteElo "2528"]
[BlackElo "2741"]
[TimeControl "180+1"]
[EndTime "11:47:25 PDT"]
[Termination "Game drawn by repetition"]

1. Nf3 Nf6 2. b3 g6 3. Bb2 Bg7 4. e3 d6 5. d4 O-O 6. Be2 b6 7.
O-O Bb7 8. c4 Ne4 9. Nbd2 Nd7 10.
Qc2 Ndf6 11. Bd3 Nxd2 12. Nxd2 e6 13. Ne4 Nxe4 14. Bxe4 Bxe4 15. Qxe4 Qd7 16. Rfd1 f5 17. Qc2 g5 18. e4 fxe4 19. Qxe4 Rae8 20. Qg4 h6 21. g3 Qf7 22. Rd2 Qg6 23. Re1 h5 24. Qe4 Qf7 25. h4 Bf6 26. hxg5 Bxg5 27. Rde2 Bf6 28.
Bc1 Qg7 29. d5 Bd4 30. Be3 Bxe3 31. Rxe3 e5 32. Rd1 Rf6 33. Rdd3 Ref8 34. Rf3 Qg5 35. Kg2 a5 36. Rxf6 Rxf6 37. Rf3 Kg7 38. Rxf6 Qxf6 39.
Qe2 Qf5 40. Kh2 Kg6 41. Qe3 Qc2 42. a4 Qf5 43. Kg2 e4 44. f3 exf3+ 45. Qxf3 Qc2+ 46. Kh3 Qb1 47. Kg2 Qc2+ 48. Kh3 Qf5+ 49. Kg2 Kg5 50. Qxf5+ Kxf5 51. Kf3 Kg5 52. Kf2 Kg4 53. Kg2 h4 54.
gxh4 Kxh4 55. Kf3 Kg5 56. Kg3 Kf5 57. Kf3 Ke5 58. Ke3 Kf5 59. Kf3 Kg5 60. Kg3 Kh5 61. Kh3 Kg5 62. Kg3 1/2-1/2

[Event "*** SCC Grand Prix: Titled Tuesday Blitz"]
[Site "Chess.com"]
[Date "2020.07.07"]
[Round "9"]
[White "fridaywins"]
[Black "Malysch"]
[Result "0-1"]
[WhiteElo "2282"]
[BlackElo "2465"]
[TimeControl "180+1"]
[EndTime "11:47:25 PDT"]
[Termination "Malysch won on time"]

1. e4 d5 2. Nc3 Nf6 3. e5 Nfd7 4. d4 c5 5. f4 cxd4 6. Nb5 Nc6 7. Nf3 Nc5 8.
Nbxd4 Bg4 9. Be2 e6 10. c3 Be7 11. O-O O-O 12. h3 Bh5 13. g4 Bg6 14. f5 exf5 15.
gxf5 Bh5 16. Nxc6 bxc6 17. Nd4 Bxe2 18. Qxe2 Ne4 19. f6 gxf6 20. Kh2 fxe5 21. Rg1+ Kh8 22.
Nxc6 Qd6 23. Nxe7 Qxe7 24. Qh5 Rg8 25. Be3 Rg6 26. Raf1 Rag8 27. Qf5 Rxg1 28. Bxg1 f6 29. c4 Qg7 30. Qf3 Nd2 31. Qxf6 Nxf1+ 32. Qxf1 dxc4 33. Be3 Rf8 34. Qxc4 h6 35. Qe4 Qf6 36. b4 Qf5 37.
Qxf5 Rxf5 38. Bxa7 e4 39. Kg3 Rf3+ 40. Kg4 Ra3 41. Bc5 Kg7 42. Kf4 Rxa2 43. Kxe4 Ra3 44. h4 Kf6 45. Be3 h5 46. Bd4+ Ke6 47. b5 Rb3 48. b6 Rb4 49. Kd3 Kd5 50. Bf2 Rb3+ 51. Kc2 Kc4 0-1

[Event "*** SCC Grand Prix: Titled Tuesday Blitz"]
[Site "Chess.com"]
[Date "2020.07.07"]
[Round "9"]
[White "Na_binci"]
[Black "Grandmaster2B"]
[Result "0-1"]
[WhiteElo "1992"]
[BlackElo "2422"]
[TimeControl "180+1"]
[EndTime "11:47:26 PDT"]
[Termination "Grandmaster2B won on time"]

1. d4 Nf6 2. c4 e6 3. Nf3 b6 4. a3 Bb7 5. Nc3 d5 6. cxd5 Nxd5 7.
Qc2 Be7 8. e4 Nxc3 9. bxc3 O-O 10.
Bd3 c5 11. O-O Qc8 12. Qe2 Ba6 13. Rd1 Rd8 14. e5 Bxd3 15. Rxd3 cxd4 16. cxd4 Qc4 17. Nd2 Qa6 18. Qe4 Nd7 19. Rh3 Nf8 20. Nf3 Qa4 21. Be3 Rac8 22. Re1 Qc6 23. Qg4 Qc2 24. Rg3 Ng6 25.
h4 Qf5 26. h5 Qxg4 27. Rxg4 Nf8 28. Bh6 g6 29. hxg6 hxg6 30. Kh2 Rc3 31. Kg3 Rxa3 32. Rh1 Nh7 33. Be3 b5 34. Nd2 b4 35. Rb1 a5 36. Nc4 Ra2 37. Rb3 a4 38. Rb1 b3 39.
Nb6 Rb8 40. Nxa4 Rxa4 41. d5 Rxg4+ 42. Kxg4 exd5 43. Bd4 Nf8 44. Kf3 Ne6 45. Bb2 Bc5 46. Ke2 Nd4+ 47. Kd3 Nc6 48. f4 Nb4+ 49. Ke2 Na2 50.
g4 d4 51. f5 Nc3+ 52. Bxc3 dxc3 53. Kd3 c2 54. Rh1 Ba3 55. fxg6 fxg6 0-1

[Event "*** SCC Grand Prix: Titled Tuesday Blitz"]
[Site "Chess.com"]
[Date "2020.07.07"]
[Round "9"]
[White "GMJustin"]
[Black "Future2700"]
[Result "1-0"]
[WhiteElo "2276"]
[BlackElo "2400"]
[TimeControl "180+1"]
[EndTime "11:47:27 PDT"]
[Termination "GMJustin won by resignation"]

1. d4 Nf6 2. c4 e6 3. Nc3 Bb4 4. e3 O-O 5. Bd3 c5 6. d5 exd5 7. cxd5 d6 8. Ne2 a6 9. a4 Re8 10. O-O Bxc3 11. Nxc3 Nbd7 12. e4 Ne5 13. Be2 Ng6 14.
f3 Bd7 15. Be3 Rb8 16. a5 b5 17. axb6 Qxb6 18. Rxa6 Qxb2 19. Qc1 Qb4 20. Rxd6 Ra8 21. Qd2 Ra3 22. Nb1 Qxd2 23. Bxd2 Ra2 24. Bc4 Rc2 25.
Bd3 Rb2 26. Bc3 Rb3 27. Bc4 Rb7 28. Bxf6 gxf6 29. Rxf6 Ne5 30. Be2 Reb8 31. Nc3 Rb2 32. Rc1 R8b3 33. Bf1 Rd2 34. Rd1 Rc2 35. Ne2 Rbb2 36.
Nf4 Bb5 37. Bxb5 Rxb5 38. d6 Nd7 39. Rf5 Rbb2 40. h4 c4 41. Kh2 c3 42. Kh3 Rd2 43.
Rxd2 Rxd2 44. Ra5 c2 45. Ra8+ Kg7 46. Rc8 Ne5 47. Nd5 Nd3 48. d7 Nf4+ 49. Nxf4 Rxd7 1-0

[Event "*** SCC Grand Prix: Titled Tuesday Blitz"]
[Site "Chess.com"]
[Date "2020.07.07"]
[Round "9"]
[White "Konek-Gorbunok"]
[Black "ammarzooqi"]
[Result "1-0"]
[WhiteElo "2272"]
[BlackElo "2172"]
[TimeControl "180+1"]
[EndTime "11:47:28 PDT"]
[Termination "Konek-Gorbunok won by checkmate"]

1. d4 Nf6 2. Nf3 g6 3. c4 d5 4. Nc3 Bg7 5. cxd5 Nxd5 6. Bd2 O-O 7. e4 Nxc3 8. Bxc3 c5 9. d5 f6 10. Bc4 Kh8 11. O-O a6 12. a4 Bg4 13. h3 Bxf3 14. Qxf3 Nd7 15. Qe2 Rb8 16. a5 Qc7 17. f4 Rfe8 18.
Rae1 Nf8 19. e5 f5 20. Qd2 b5 21. axb6 Rxb6 22. Ba5 Qb7 23. Bxb6 Qxb6 24. b3 Nd7 25. Ra1 Ra8 26. Qa5 Qb8 27. Qa4 Nxe5 28. fxe5 Qxe5 29. Rae1 Qg3 30. Rxe7 Bf6 31. Re6 Bd4+ 32.
Kh1 f4 33. Re8+ Kg7 34. Qd7+ Kh6 35. Rxa8 f3 36. gxf3 Be5 37. f4 Bxf4 38. Rxf4 Qxf4 39. Qg4 Qc1+ 40. Qg1 Qc3 41. Rf8 Kg7 42. Rf1 Qxh3+ 43. Qh2 Qe3 44. d6 Qe4+ 45. Kg1 Qd4+ 46. Rf2 Qd1+ 47.
Bf1 a5 48. Qe5+ Kh6 49. Rh2+ Qh5 50. Rxh5+ gxh5 51. Qf6# 1-0

[Event "*** SCC Grand Prix: Titled Tuesday Blitz"]
[Site "Chess.com"]
[Date "2020.07.07"]
[Round "9"]
[White "Msb2"]
[Black "FairChess_on_YouTube"]
[Result "0-1"]
[WhiteElo "2859"]
[BlackElo "3001"]
[TimeControl "180+1"]
[EndTime "11:47:30 PDT"]
[Termination "FairChess_on_YouTube won by resignation"]

1. d4 Nf6 2. c4 e6 3. Nc3 Bb4 4. e3 O-O 5. Bd2 c6 6. Nf3 d5 7.
Rc1 Nbd7 8. Bd3 Bd6 9. O-O dxc4 10. Bxc4 b5 11. Bd3 Bb7 12. a4 b4 13. Ne4 Nxe4 14. Bxe4 Rc8 15. Qe2 Qa5 16. b3 Qh5 17. h3 Nf6 18.
Bd3 c5 19. dxc5 Rxc5 20. Rxc5 Bxc5 21. Rc1 Rd8 22. e4 a5 23. Be3 Bxe3 24. Qxe3 h6 25. Rc7 Ba8 26. Rc5 Rxd3 27. Rc8+ Kh7 28. Qxd3 Bxe4 29. Qe3 Qd5 30. Rc5 Qd1+ 31. Kh2 Bxf3 32. gxf3 Nd5 33. Qe4+ f5 34. Qxe6 Qxf3 35. Rc2 Nc3 36. Qe3 Qd5 37. Rd2 Qxb3 38. Rd7 Qb2 39. Qd4 Nxa4 40. Rxg7+ Kh8 41. Rd7+ Qxd4 42. Rxd4 Nc3 43.
Rd8+ Kg7 44. Rb8 Kf6 45. Kg3 Ke5 46. f4+ Kd4 47. Kh4 Kc4 48. Kh5 a4 49. Kxh6 a3 50.
Kg5 a2 51. Ra8 b3 52. h4 b2 53. Rc8+ Kb3 54. Rd8 b1=Q 55. h5 Ne4+ 56. Kg6 a1=Q 57. Rb8+ Kc4 58. Rf8 Qg1+ 0-1

[Event "*** SCC Grand Prix: Titled Tuesday Blitz"]
[Site "Chess.com"]
[Date "2020.07.07"]
[Round "9"]
[White "Vaathi_Coming"]
[Black "Eltaj_Safarli"]
[Result "1-0"]
[WhiteElo "2908"]
[BlackElo "2925"]
[TimeControl "180+1"]
[EndTime "11:47:32 PDT"]
[Termination "Vaathi_Coming won by resignation"]

1. Nf3 Nf6 2. d4 d5 3. Bf4 g6 4. e3 Bg7 5. Be2 O-O 6. h3 c5 7. O-O cxd4 8. exd4 Nc6 9. c3 Bf5 10. Nbd2 Ne4 11. Re1 Nxd2 12. Qxd2 Be4 13. Ng5 Bf5 14. Bf1 Re8 15. g4 Bd7 16. Bg2 e6 17. Nf3 Na5 18. Ne5 Rc8 19. Bh6 Nc4 20. Nxc4 Rxc4 21. Bxg7 Kxg7 22.
g5 b5 23. a3 a5 24. Qf4 Kg8 25. h4 Qc7 26. Qf6 Qd8 27. Qe5 Qc7 28. Qf6 Qd8 29.
Qf3 b4 30. axb4 axb4 31. Bf1 Rc8 32. cxb4 Qb6 33. Qf6 Qxb4 34. h5 Qe7 35. Qxe7 Rxe7 36. h6 Be8 37. b4 Rb8 38. b5 Reb7 39. Reb1 Kf8 40. Ra5 Ke7 41. Kh2 Rb6 42. Kg3 Kd6 43. Kf4 Bd7 44. Bd3 R8b7 45. Ra6 Rb8 46. Rba1 Ke7 47. Rxb6 Rxb6 48. Ke5 Rb7 49. Rb1 Rb6 50. Rb2 Rb7 51. b6 Bc6 52. Ba6 Rb8 53. b7 Bd7 54. Rc2 1-0